[ PARTIDA AOE2 · #483312031 ]
1v1 RMTeutones vs Burgundians
Equipo del jugador · DERR
Equipo rival · VICT
[ ANÁLISIS DE REPETICIÓN · EXTRAÍDO DE LA PARTIDA GRABADA ]
Feudal
9:54
Castillos
16:24
Imperial
53:18
| APM promedio | 14.1 |
| APM pico | 37 |
| eAPM promedio | 10.9 |
| Aldeanos / militares | 74 / 103 |
Foco
⚔️ 38.8% · 🌾 61.2%
Cavalry Archer ×49 · Teutonic Knight ×41 · Mangonel ×6 · Spearman ×4 · Battering Ram ×3
Feudal
10:28
Castillos
18:16
Imperial
37:40
| APM promedio | 35.3 |
| APM pico | 62 |
| eAPM promedio | 24.9 |
| Aldeanos / militares | 153 / 225 |
Foco
⚔️ 25.1% · 🌾 74.9%
Scout Cavalry ×122 · Skirmisher ×51 · Hand Cannoneer ×29 · Knight ×6 · Bombard Cannon ×6 · Trebuchet (Packed) ×4
Mapa de la partida
Recursos iniciales + cada clic de construcción. Líneas = muros · curvas = relieve. ◆ oro · ⬟ piedra · ● bayas · ✦ reliquia · ◌ hueco del cierre
Tu base· ✓ Cerrada en 16:24 · 0t muro · 2 puerta(s)
Base de Ilikegame· ✓ Cerrada en 18:16 · 0t muro · 2 puerta(s)
Terreno inicial suavizado · ◌ = hueco del cierre detectado · pasá el cursor para detalles
Inputs por minuto
— Tutesito10 - - Ilikegame
Build order — Tutesito10
Primeras 150 de 306 acciones detectadas
| 0:01 | Crear | Villager (Male) |
| 0:01 | Crear | Villager (Male) |
| 0:01 | Crear | Villager (Male) |
| 0:02 | Crear | Villager (Male) |
| 0:02 | Crear | Villager (Male) |
| 0:03 | Construir | House |
| 0:05 | Construir | House |
| 1:34 | Crear | Villager (Male) |
| 1:55 | Crear | Villager (Male) |
| 2:32 | Crear | Villager (Male) |
| 2:36 | Construir | Lumber Camp |
| 3:12 | Crear | Villager (Male) |
| 3:13 | Crear | Villager (Male) |
| 3:13 | Crear | Villager (Male) |
| 3:48 | Construir | House |
| 4:12 | Crear | Villager (Male) |
| 5:14 | Crear | Villager (Male) |
| 5:17 | Crear | Villager (Male) |
| 5:52 | Crear | Villager (Male) |
| 6:15 | Crear | Villager (Male) |
| 6:35 | Crear | Villager (Male) |
| 6:37 | Crear | Villager (Male) |
| 6:48 | Construir | House |
| 7:17 | Construir | Mill |
| 7:43 | Investigar | Feudal Age |
| 8:28 | Construir | Farm |
| 9:54 | Edad | Edad Feudal |
| 10:04 | Construir | Blacksmith |
| 10:20 | Crear | Villager (Male) |
| 10:54 | Construir | Market |
| 11:07 | Crear | Villager (Male) |
| 11:35 | Construir | House |
| 11:45 | Crear | Villager (Male) |
| 12:06 | Crear | Villager (Male) |
| 12:16 | Construir | Farm |
| 12:23 | Construir | Farm |
| 12:26 | Construir | Farm |
| 12:30 | Construir | Farm |
| 12:35 | Construir | Farm |
| 12:42 | Construir | Farm |
| 12:58 | Crear | Villager (Male) |
| 13:10 | Construir | Farm |
| 13:18 | Construir | Farm |
| 13:44 | Investigar | Castle Age |
| 14:11 | Construir | Mining Camp |
| 14:24 | Investigar | Double-Bit Axe |
| 15:28 | Crear | Villager (Male) |
| 16:24 | Edad | Edad de los Castillos |
| 17:09 | Construir | Barracks |
| 17:14 | Crear | Villager (Male) |
| 17:22 | Crear | Villager (Male) |
| 17:22 | Crear | Villager (Male) |
| 17:30 | Construir | Mining Camp |
| 17:53 | Construir | House |
| 17:56 | Construir | House |
| 18:02 | Construir | House |
| 18:04 | Crear | Villager (Male) |
| 18:19 | Construir | Watch Tower |
| 18:29 | Investigar | Loom |
| 18:31 | Crear | Villager (Male) |
| 18:53 | Construir | Archery Range |
| 19:36 | Construir | Watch Tower |
| 19:43 | Crear | Villager (Male) |
| 19:43 | Crear | Villager (Male) |
| 20:11 | Crear | Villager (Male) |
| 20:15 | Investigar | Town Watch |
| 20:18 | Crear | Villager (Male) |
| 20:19 | Crear | Villager (Male) |
| 20:26 | Crear | Villager (Male) |
| 20:26 | Crear | Villager (Male) |
| 21:22 | Crear | Villager (Male) |
| 22:20 | Construir | Watch Tower |
| 22:35 | Construir | Watch Tower |
| 22:42 | Crear | Villager (Male) |
| 22:56 | Construir | Siege Workshop |
| 23:22 | Crear | Villager (Male) |
| 23:25 | Investigar | Wheelbarrow |
| 23:42 | Crear | Mangonel |
| 23:45 | Crear | Mangonel |
| 23:50 | Construir | Archery Range |
| 24:02 | Construir | Archery Range |
| 24:08 | Construir | Mining Camp |
| 24:21 | Crear | Villager (Male) |
| 24:37 | Investigar | Fletching |
| 24:46 | Construir | University |
| 25:17 | Construir | Outpost |
| 25:23 | Crear | Mangonel |
| 25:30 | Crear | Cavalry Archer |
| 25:30 | Crear | Cavalry Archer |
| 25:31 | Crear | Cavalry Archer |
| 25:31 | Crear | Cavalry Archer |
| 25:40 | Construir | House |
| 25:45 | Crear | Villager (Male) |
| 25:46 | Crear | Villager (Male) |
| 25:50 | Construir | House |
| 25:53 | Construir | House |
| 26:14 | Crear | Cavalry Archer |
| 26:14 | Crear | Cavalry Archer |
| 26:43 | Construir | Watch Tower |
| 26:58 | Construir | House |
| 27:08 | Crear | Villager (Male) |
| 27:27 | Crear | Villager (Male) |
| 27:28 | Crear | Villager (Male) |
| 27:28 | Crear | Villager (Male) |
| 28:18 | Crear | Villager (Male) |
| 28:22 | Crear | Mangonel |
| 28:25 | Crear | Cavalry Archer |
| 28:25 | Crear | Cavalry Archer |
| 28:25 | Crear | Cavalry Archer |
| 28:25 | Crear | Cavalry Archer |
| 28:26 | Crear | Cavalry Archer |
| 29:03 | Crear | Villager (Male) |
| 29:04 | Crear | Villager (Male) |
| 29:05 | Investigar | Bow Saw |
| 29:47 | Crear | Cavalry Archer |
| 29:47 | Crear | Cavalry Archer |
| 29:48 | Crear | Cavalry Archer |
| 29:48 | Crear | Cavalry Archer |
| 29:48 | Crear | Cavalry Archer |
| 29:48 | Crear | Cavalry Archer |
| 29:55 | Investigar | Padded Archer Armor |
| 29:59 | Investigar | Bodkin Arrow |
| 30:01 | Crear | Villager (Male) |
| 31:32 | Investigar | Ballistics |
| 31:37 | Crear | Cavalry Archer |
| 31:37 | Crear | Cavalry Archer |
| 31:37 | Crear | Cavalry Archer |
| 31:37 | Crear | Cavalry Archer |
| 31:43 | Construir | House |
| 32:04 | Crear | Mangonel |
| 32:14 | Construir | Barracks |
| 32:22 | Crear | Villager (Male) |
| 32:23 | Crear | Villager (Male) |
| 32:50 | Construir | Castle |
| 33:14 | Crear | Villager (Male) |
| 33:15 | Crear | Villager (Male) |
| 33:18 | Investigar | Town Patrol |
| 33:47 | Crear | Villager (Male) |
| 34:09 | Crear | Villager (Male) |
| 34:29 | Investigar | Forging |
| 34:34 | Crear | Teutonic Knight |
| 34:34 | Crear | Teutonic Knight |
| 34:34 | Crear | Teutonic Knight |
| 34:34 | Crear | Teutonic Knight |
| 34:43 | Crear | Battering Ram |
| 34:43 | Crear | Battering Ram |
| 34:43 | Crear | Battering Ram |
| 35:19 | Construir | Barracks |
| 35:32 | Construir | Barracks |
| 35:42 | Crear | Villager (Male) |
Build order — Ilikegame
Primeras 150 de 434 acciones detectadas
| 0:15 | Investigar | Loom |
| 0:16 | Crear | Villager (Male) |
| 0:16 | Crear | Villager (Male) |
| 0:16 | Crear | Villager (Male) |
| 0:17 | Crear | Villager (Male) |
| 0:19 | Construir | House |
| 0:20 | Construir | House |
| 0:22 | Construir | House |
| 0:23 | Construir | House |
| 1:39 | Crear | Villager (Male) |
| 1:39 | Crear | Villager (Male) |
| 2:25 | Construir | Lumber Camp |
| 2:34 | Crear | Villager (Male) |
| 2:35 | Crear | Villager (Male) |
| 3:02 | Crear | Villager (Male) |
| 3:02 | Crear | Villager (Male) |
| 3:33 | Crear | Villager (Male) |
| 3:33 | Crear | Villager (Male) |
| 3:56 | Crear | Villager (Male) |
| 3:56 | Crear | Villager (Male) |
| 4:21 | Crear | Villager (Male) |
| 4:21 | Crear | Villager (Male) |
| 4:58 | Crear | Villager (Male) |
| 4:58 | Crear | Villager (Male) |
| 5:08 | Crear | Villager (Male) |
| 5:08 | Crear | Villager (Male) |
| 5:21 | Crear | Villager (Male) |
| 5:21 | Crear | Villager (Male) |
| 5:22 | Crear | Villager (Male) |
| 5:22 | Crear | Villager (Male) |
| 5:51 | Crear | Villager (Male) |
| 5:51 | Crear | Villager (Male) |
| 6:51 | Crear | Villager (Male) |
| 6:52 | Crear | Villager (Male) |
| 6:52 | Crear | Villager (Male) |
| 6:55 | Construir | Mill |
| 6:57 | Crear | Villager (Male) |
| 7:23 | Crear | Villager (Male) |
| 8:13 | Investigar | Feudal Age |
| 8:34 | Construir | Mill |
| 9:06 | Crear | Villager (Male) |
| 9:07 | Crear | Villager (Male) |
| 9:11 | Investigar | Double-Bit Axe |
| 9:18 | Investigar | Wheelbarrow |
| 9:55 | Crear | Villager (Male) |
| 10:07 | Construir | House |
| 10:10 | Construir | House |
| 10:12 | Construir | House |
| 10:28 | Edad | Edad Feudal |
| 10:55 | Investigar | Bow Saw |
| 11:26 | Construir | Market |
| 11:46 | Crear | Villager (Male) |
| 11:54 | Crear | Villager (Male) |
| 11:55 | Crear | Villager (Male) |
| 11:55 | Crear | Villager (Male) |
| 11:56 | Crear | Villager (Male) |
| 12:17 | Crear | Villager (Male) |
| 12:18 | Crear | Villager (Male) |
| 12:22 | Construir | Blacksmith |
| 12:48 | Construir | Farm |
| 13:37 | Crear | Villager (Male) |
| 13:54 | Crear | Villager (Male) |
| 15:36 | Investigar | Castle Age |
| 15:51 | Investigar | Horse Collar |
| 16:29 | Investigar | Hand Cart |
| 16:43 | Investigar | Heavy Plow |
| 16:54 | Construir | House |
| 16:56 | Construir | House |
| 17:06 | Crear | Villager (Male) |
| 17:33 | Construir | Farm |
| 18:16 | Crear | Villager (Male) |
| 18:16 | Edad | Edad de los Castillos |
| 18:31 | Construir | Town Center |
| 18:38 | Construir | Town Center |
| 18:49 | Construir | Farm |
| 18:53 | Construir | Farm |
| 19:02 | Construir | Monastery |
| 19:05 | Construir | Farm |
| 19:09 | Construir | Farm |
| 19:38 | Construir | Mining Camp |
| 19:40 | Crear | Villager (Male) |
| 19:40 | Crear | Villager (Male) |
| 19:41 | Crear | Villager (Male) |
| 19:52 | Construir | Farm |
| 19:55 | Crear | Villager (Male) |
| 19:56 | Crear | Villager (Male) |
| 19:56 | Crear | Villager (Male) |
| 19:56 | Crear | Villager (Male) |
| 20:03 | Crear | Villager (Male) |
| 20:03 | Crear | Villager (Male) |
| 20:14 | Crear | Villager (Male) |
| 20:14 | Crear | Villager (Male) |
| 20:35 | Construir | Palisade Wall |
| 20:40 | Crear | Villager (Male) |
| 20:59 | Construir | Stone Wall |
| 21:05 | Crear | Villager (Male) |
| 21:11 | Construir | Farm |
| 21:20 | Construir | Stone Wall |
| 21:22 | Construir | Stone Wall |
| 21:37 | Crear | Villager (Male) |
| 21:38 | Crear | Villager (Male) |
| 21:51 | Construir | Farm |
| 21:55 | Construir | Farm |
| 22:01 | Construir | Farm |
| 22:19 | Construir | Watch Tower |
| 22:32 | Construir | Farm |
| 22:34 | Construir | Farm |
| 22:36 | Crear | Villager (Male) |
| 22:36 | Crear | Villager (Male) |
| 22:46 | Construir | Farm |
| 22:48 | Crear | Villager (Male) |
| 22:49 | Crear | Villager (Male) |
| 23:08 | Construir | Stone Wall |
| 23:13 | Construir | Stone Wall |
| 23:17 | Construir | Gate |
| 23:21 | Construir | Stone Wall |
| 23:25 | Construir | Farm |
| 23:27 | Construir | Farm |
| 23:30 | Construir | Farm |
| 23:39 | Construir | Barracks |
| 23:42 | Crear | Villager (Male) |
| 23:42 | Crear | Villager (Male) |
| 23:43 | Crear | Villager (Male) |
| 23:44 | Crear | Villager (Male) |
| 24:00 | Crear | Villager (Male) |
| 24:01 | Crear | Villager (Male) |
| 24:01 | Crear | Villager (Male) |
| 24:02 | Crear | Villager (Male) |
| 24:11 | Construir | Farm |
| 24:13 | Construir | Farm |
| 24:15 | Construir | Farm |
| 24:21 | Investigar | Stone Mining |
| 24:21 | Investigar | Gold Mining |
| 24:25 | Crear | Villager (Male) |
| 24:31 | Construir | Farm |
| 24:36 | Crear | Spearman |
| 24:37 | Crear | Spearman |
| 24:37 | Crear | Spearman |
| 24:42 | Construir | Farm |
| 24:45 | Construir | Farm |
| 24:55 | Construir | Stable |
| 24:57 | Construir | Stable |
| 25:03 | Investigar | Scale Barding Armor |
| 25:06 | Construir | Farm |
| 25:10 | Construir | Farm |
| 25:12 | Construir | Farm |
| 25:15 | Construir | Farm |
| 25:18 | Crear | Villager (Male) |
| 25:18 | Crear | Villager (Male) |
| 25:19 | Crear | Villager (Male) |
Cronología de la partida
| 9:54 | Tutesito10 · age_up feudal |
| 10:28 | Ilikegame · age_up feudal |
| 12:31 | Ilikegame · first_market_sell 100 wood |
| 12:32 | Ilikegame · first_market_buy 100 food |
| 16:24 | Tutesito10 · age_up castle |
| 17:09 | Tutesito10 · first_building Barracks |
| 18:16 | Ilikegame · age_up castle |
| 18:53 | Tutesito10 · first_building Archery Range |
| 19:02 | Ilikegame · first_building Monastery |
| 20:35 | Ilikegame · wall_segment Palisade Wall x1 |
| 20:59 | Ilikegame · wall_segment Stone Wall x9 |
| 21:20 | Ilikegame · wall_segment Stone Wall x4 |
| 21:22 | Ilikegame · wall_segment Stone Wall x3 |
| 22:56 | Tutesito10 · first_building Siege Workshop |
| 23:08 | Ilikegame · wall_segment Stone Wall x2 |
| 23:13 | Ilikegame · wall_segment Stone Wall x8 |
| 23:21 | Ilikegame · wall_segment Stone Wall x3 |
| 23:39 | Ilikegame · first_building Barracks |
| 24:55 | Ilikegame · first_building Stable |
| 27:24 | Ilikegame · first_building Castle |
| 30:12 | Ilikegame · wall_segment Stone Wall x3 |
| 30:48 | Ilikegame · first_building Archery Range |
| 32:50 | Tutesito10 · first_building Castle |
| 37:40 | Ilikegame · age_up imperial |
| 40:02 | Ilikegame · first_building Siege Workshop |
| 48:02 | Tutesito10 · first_market_buy 100 stone |
| 53:18 | Tutesito10 · age_up imperial |
| 53:49 | Tutesito10 · resign |
[ ANÁLISIS IA · 1 CRÉDITO ]
¿Qué pasó realmente en esta partida?
Wolo.gg analiza cada decisión: build order, eco, micro, errores típicos por bracket. Análisis personalizado por WhatsApp o Discord en 30 segundos.
Guía civ
Teutones
Guía mapa
Arena
Perfil
Jugador #7550434